 Dungeon Crawl Stone Soup version 0.30.1-11-g7821555f0a (webtiles) character file.

Game seed: 16126436064715625784

413 Cheops the Magician (level 6, -1/32 HPs)
             Began as a Deep Elf Hedge Wizard on Dec 18, 2023.
             Slain by an ogre
             ... wielding a +0 giant club
              (24 damage)
             ... on level 4 of the Dungeon.
             The game lasted 00:19:47 (4754 turns).

Cheops the Magician (Deep Elf Hedge Wizard)         Turns: 4754, Time: 00:19:48

Health: -1/32      AC:  3    Str:  7    XL:     6   Next: 59%
Magic:  10/15      EV: 13    Int: 21    God:
Gold:   248        SH:  0    Dex: 14    Spells: 1/15 levels left

rFire   . . .        a - +0 whip (elec)
rCold   . . .        (no shield)
rNeg    . . .        m - +0 robe
rPois   .            c - +0 hat
rElec   .            (no cloak)
rCorr   .            (no gloves)
SInv    .            s - +0 pair of boots
Will    .....        (no amulet)
Stlth   ++           e - +4 ring of slaying
HPRegen 0.25/turn    (no ring)
MPRegen 0.14/turn

%: no passive effects
@: no status effects
A: no striking features
a: no special abilities


You were on level 4 of the Dungeon.
You visited 1 branch of the dungeon, and saw 4 of its levels.

You collected 248 gold pieces.

Inventory:

Hand Weapons
 a - a +0 whip of electrocution (weapon)
 b - the +6 dagger of Infection {pain, rPois rC+ Will++ Int-3}
   (You found it on level 3 of the Dungeon)

   Int:       It affects your intelligence (-3).
   rC:        It protects you from cold.
   rPois:     It protects you from poison.
   Will:      It greatly increases your willpower.
 k - a +0 dagger
 u - a +1 long sword of electrocution
Armour
 c - a +0 hat (worn)
 m - a +0 robe (worn)
 s - a +0 pair of boots (worn)
 v - a +2 ring mail of cold resistance
Jewellery
 e - a +4 ring of slaying (left hand)
Wands
 t - a wand of charming (12)
Scrolls
 n - 3 scrolls of amnesia
 p - a scroll of poison
 q - a scroll of enchant weapon
Potions
 f - 2 potions of heal wounds
 g - a potion of curing {unknown}
 h - a potion of ambrosia {unknown}
 i - a potion of mutation {unknown}
 l - 3 potions of brilliance {unknown}
 o - a potion of might {unknown}
 r - 2 potions of lignification {unknown}


   Skills:
 - Level 4.0 Dodging
 - Level 2.4 Stealth
 - Level 5.0 Spellcasting
 - Level 5.0 Conjurations
 - Level 1.0 Hexes
 - Level 1.1 Summonings
 - Level 1.1 Translocations
 - Level 1.0 Transmutations
 + Level 2.1 Air Magic
 - Level 1.0 Earth Magic
 + Level 2.3 Poison Magic


You had one spell level left.
You knew the following spells:

 Your Spells              Type           Power      Damage    Failure   Level
a - Magic Dart            Conj           100%       1d8       1%          1
m - Mephitic Cloud        Conj/Pois/Air  18%        N/A       9%          3
s - Slow                  Hex            36%        N/A       7%          1
B - Blink                 Tloc           18%        N/A       11%         2
I - Call Imp              Summ           18%        N/A       11%         2
P - Passwall              Tmut/Erth      7%         N/A       11%         2
S - Swiftness             Air            14%        N/A       13%         3

Your spell library contained the following spells:

 Spells                   Type           Power      Damage    Failure   Level
 Kiss of Death            Conj/Necr      60%        2d10      3%          1
 Necrotise                Necr           20%        1d5       11%         1
 Cigotuvi's Dreadful Rot  Necr/Pois/Air  22%        N/A       9%          2
 Ensorcelled Hibernation  Hex/Ice        14%        N/A       13%         2
 Vhi's Electric Charge    Tloc/Air       24%        N/A       17%         3
 Confusing Touch          Hex            9%         N/A       22%         3
 Vampiric Draining        Necr           5%         2d6       32%         3
 Passage of Golubria      Tloc           9%         N/A       56%         4
 Arcjolt                  Conj/Air       10%        1d20      56%         5
 Dispel Undead            Necr           5%         3d7       71%         4
 Silence                  Hex/Air        5%         N/A       83%         5
 Agony                    Necr           5%         N/A       96%         5
 Lehudib's Crystal Spear  Conj/Erth      8%         10d4      100%        8
 Maxwell's Capacitive Co  Air            7%         ∞         100%        8


Dungeon Overview and Level Annotations

Branches:
Dungeon (4/15)
 Temple: D:4-7

Altars:
Fedhas
Makhleb

Annotations:
D:3 2 transporters, variable76's ghost, amateur MiFi


Message History

Press: ? - help, Shift-Dir - straight line, f/p - scorpion
Aim: a scorpion (almost dead, ally target, 100% to hit)
The magic dart hits the scorpion.
The scorpion is almost dead.
The scorpion misses you.
Your cerulean imp closely misses the scorpion.
The scorpion misses you.
Casting: Magic Dart (safe; 1% risk of failure)
Confirm with . or Enter, or press ? or * to list all spells.
Aiming: Magic Dart (safe; 1% risk of failure)
Press: ? - help, Shift-Dir - straight line, f/p - scorpion
Aim: a scorpion (almost dead, ally target, 100% to hit)
The magic dart hits the scorpion but does no damage.
The scorpion is almost dead.
The scorpion stings you.
Your cerulean imp hits the scorpion from afar with a -4 spear.
The scorpion dies!
Your Air Magic skill increases to level 2!
Your Poison Magic skill increases to level 2!
Casting: Magic Dart (safe; 1% risk of failure)
Confirm with . or Enter, or press ? or * to list all spells.
Aiming: Magic Dart (safe; 1% risk of failure)
Press: ? - help, Shift-Dir - straight line, f - ogre
Aim: an ogre, wielding a +0 giant club (100% to hit)
The magic dart hits the ogre.
The ogre is lightly wounded.
Your cerulean imp barely misses the ogre.
Casting: Magic Dart (safe; 1% risk of failure)
Confirm with . or Enter, or press ? or * to list all spells.
Okay, then.
Casting: Magic Dart (safe; 1% risk of failure)
Confirm with . or Enter, or press ? or * to list all spells.
Aiming: Magic Dart (safe; 1% risk of failure)
Press: ? - help, Shift-Dir - straight line, f/p - ogre
Aim: an ogre, wielding a +0 giant club (lightly wounded, ally target, 100% to hit)
The magic dart hits the ogre.
The ogre is moderately wounded.
The ogre hits you with a +0 giant club!!
Ouch! That really hurt!
You die...

...##......)###...###
#.......>.. .......###..##..###
#..)..#..#.
#....######.#..##### .....#..##
###.#..##...##..#..##
#.........
#.#........##...†.###.....#.. #
###.........###.._∩##..........
#..........###..###......#.#
#............######........
###......#..@O...........#
##........##.5.#....#..#
#...........[..........#
#..........##........#..s..
#...#.......##.....### .##
#......#.......###....#
##.##.##...##..# ##...# ##
#####.###### ##### ###


You could see an ogre (ally target) and a friendly cerulean imp (summoned).

Vanquished Creatures
  A hound (D:4)
  An orc priest (D:3)
  2 scorpion zombies (D:3)
  An orc wizard (D:3)
  Natasha (D:3)
  A hound zombie (D:3)
  A gnoll (D:1)
  7 adders
  2 worms (D:2)
  An adder skeleton (D:3)
  2 dart slugs (D:1)
  An adder simulacrum (D:3)
  5 orcs
  5 ball pythons
  8 bats
  4 endoplasms
  A giant cockroach (D:1)
  8 goblins
  12 hobgoblins
  6 jackals
  8 kobolds
  3 quokkas
  5 frilled lizards
  6 rats
  A spectral giant cockroach (D:3)
93 creatures vanquished.

Vanquished Creatures (collateral kills)
  A scorpion (D:4)
1 creature vanquished.

Grand Total: 94 creatures vanquished

Notes
Turn   | Place    | Note
-------+----------+-------------------------------------------
     0 | D:1      | Cheops the Deep Elf Hedge Wizard began the quest for the
                  | Orb.
     0 | D:1      | Reached XP level 1. HP: 10/10 MP: 7/7
   155 | D:1      | Reached XP level 2. HP: 12/15 MP: 0/9
   226 | D:1      | Reached skill level 5 in Spellcasting
   588 | D:1      | Learned a level 2 spell: Call Imp
   768 | D:1      | Reached XP level 3. HP: 19/19 MP: 8/11
   924 | D:1      | You fall into a shaft and drop 1 floor!
   927 | D:2      | Found a faded altar of an unknown god.
  1531 | D:2      | Reached XP level 4. HP: 24/24 MP: 9/13
  1533 | D:2      | Learned a level 1 spell: Slow
  1536 | D:2      | Learned a level 2 spell: Blink
  1539 | D:2      | Learned a level 2 spell: Passwall
  1543 | D:2      | Learned a level 3 spell: Mephitic Cloud
  2603 | D:2      | Reached skill level 5 in Conjurations
  2943 | D:3      | Reached XP level 5. HP: 28/28 MP: 10/14
  3020 | D:3      | Found a blossoming altar of Fedhas.
  3131 | D:3      | Noticed Natasha
  3289 | D:3      | Reached skill level 1 in Hexes
  3392 | D:3      | Reached skill level 1 in Transmutations
  3392 | D:3      | Reached skill level 1 in Earth Magic
  3420 | D:3      | Reached skill level 1 in Air Magic
  3420 | D:3      | Reached skill level 1 in Poison Magic
  3666 | D:3      | Found a transporter.
  3703 | D:3      | Identified the +4 ring mail of Dyspraxia {Str+3}
  3720 | D:3      | Found a transporter.
  3804 | D:3      | Noticed variable76's ghost (amateur MiFi)
  3895 | D:3      | Killed Natasha
  3994 | D:3      | Reached XP level 6. HP: 21/32 MP: 0/15
  4098 | D:2      | Learned a level 3 spell: Swiftness
  4315 | D:3      | Identified the +6 dagger of Infection {pain, rPois rC+
                  | Will++ Int-3}
  4522 | D:4      | Found a burning altar of Makhleb.
  4754 | D:4      | Slain by an ogre

Illustrated notes

Levels and vault maps discovered:
D:1:      dpeg_arrival_rooms_b, layout_rooms
D:2:      minmay_razor_zed, layout_loops_ring, nicolae_ecumenical_pavilion,
          eino_tiny_chamber
D:3:      layout_basic, fedhas_altar_1, gammafunk_ghost_gnarly_gnolls,
          dilly_guarded_unrand_morg
D:4:      layout_cave_pools, makhleb_blood_cavern_becter, grunt_ministairs_1,
          minmay_misc_feat_hallway, minmay_surrounded

Skill      XL: |  1  2  3  4  5  6 |
---------------+-------------------+-----
Spellcasting   | 5 |  5.0
Conjurations   | 2 4 5 |  5.0
Hexes          | 1 |  1.0
Transmutations | 1 |  1.0
Earth Magic    | 1 |  1.0
Air Magic      | 1 2 |  2.1
Poison Magic   | 1 2 |  2.3
Dodging        | 3 4 |  4.0
Stealth        | |  2.4
Summonings     | |  1.1
Translocations | |  1.1

Action                     |  1- 3 |  4- 6 || total
---------------------------+-------+-------++-------
  Melee: Whip              |       |     2 ||     2
   Cast: Magic Dart        |    84 |   178 ||   262
         Call Imp          |       |     2 ||     2
         Blink             |       |     1 ||     1
    Use: Scroll            |       |     6 ||     6
         Potion            |       |     1 ||     1
 Armour: Robe              |       |     8 ||     8
  Dodge: Dodged            |     1 |    42 ||    43
